 Dungeon Crawl Stone Soup version 0.30.1-10-g1249ef9ec4 (webtiles) character file.

Game seed: 16416385210936771415

30 lonewolfV2 the Covered (level 3, -3/29 HPs)
             Began as a Demonspawn Fighter on Oct 26, 2023.
             Slain by Terence
             ... wielding a +0 trident
              (6 damage)
             ... on level 2 of the Dungeon.
             The game lasted 00:01:14 (731 turns).

lonewolfV2 the Covered (Demonspawn Fighter)          Turns: 731, Time: 00:01:14

Health: -3/29      AC:  8    Str: 18    XL:     3   Next: 5%
Magic:  3/3        EV:  9    Int:  9    God:
Gold:   53         SH:  4    Dex: 12    Spells: 2/2 levels left

rFire   . . .        a - +0 war axe
rCold   . . .        c - +0 buckler
rNeg    . . .        b - +0 scale mail
rPois   .            (no helmet)
rElec   .            (no cloak)
rCorr   .            (no gloves)
SInv    .            (no boots)
Will    .....        (no amulet) Stlth
                     (no ring)
HPRegen 0.24/turn    (no ring)
MPRegen 0.08/turn

%: no passive effects
@: no status effects
A: molten scales 1, powered by pain 1
a: no special abilities


You were on level 2 of the Dungeon.
You visited 1 branch of the dungeon, and saw 2 of its levels.

You collected 53 gold pieces.

Inventory:

Hand Weapons
 a - a +0 war axe (weapon)
Armour
 b - a +0 scale mail (worn)
 c - a +0 buckler (worn)
Scrolls
 f - a scroll of teleportation
Potions
 d - a potion of might
 g - a potion of invisibility


   Skills:
 - Level 3.0 Fighting
 - Level 1.7 Axes
 + Level 3.1 Armour
 * Level 2.0 Dodging
 - Level 2.6 Shields


You had 2 spell levels left.
You didn't know any spells.
Your spell library contained the following spells:

 Spells                   Type           Power      Damage    Failure   Level
 Tukima's Dance           Hex            0%         N/A       99%         3
 Passage of Golubria      Tloc           0%         N/A       100%        4
 Yara's Violent Unravell  Hex/Tmut       0%         3d3       100%        5


Dungeon Overview and Level Annotations

Branches:
Dungeon (2/15)

Altars:

Annotations:
D:2 Terence


Innate Abilities, Weirdness & Mutations

You are partially covered in molten scales. (AC +2)
You sometimes gain a little power by taking damage.


Message History

You feel energised by your suffering.
HP restored.
A kobold comes into view. It is wielding a +0 short sword.
Found a stone staircase leading down.
The kobold shouts!
A kobold is nearby!
A kobold is nearby!
A kobold is nearby!
The kobold throws a stone.
The stone hits you but does no damage.
The kobold throws a stone.
The stone hits you.
Terence the Incautious comes into view.
He is wielding a +0 trident.
Found a ring mail.
Terence shouts!
The kobold hits you but does no damage.
You closely miss the kobold. You block the kobold's attack. x2
You slash the kobold!
You kill the kobold!
Terence barely misses you. Terence closely misses you.
Things that are here:
a +0 short sword; 3 stones You closely miss Terence.
Terence hits you but does no damage. Terence hits you with a +0 trident.
You closely miss Terence. Terence closely misses you.
You hit Terence.
Terence is moderately wounded.
Terence barely misses you. Terence hits you with a +0 trident!
You barely miss Terence.
Terence is moderately wounded.
Terence hits you with a +0 trident.
You hit Terence but do no damage.
Terence is moderately wounded.
Terence hits you with a +0 trident.
* * * LOW HITPOINT WARNING * * *
Terence hits you with a +0 trident.
* * * LOW HITPOINT WARNING * * *
You barely miss Terence.
Terence is moderately wounded.
Terence hits you with a +0 trident.
You die...

#.# #.# #.#
##.### ....#
#..# #$#.# # #..
# #.#.#####....
#..
#.##....@@......
#>.
#....#.#####.#[#
#.#######.#.#
#.>..#....#.#
#..#.#.####.#
####<.#.#.# #.#
....†.#...####.#
####†..........#
#..........#####


You could see Terence.

Vanquished Creatures
  2 bats
  3 endoplasms (D:1)
  A giant cockroach (D:1)
  2 goblins (D:1)
  5 hobgoblins (D:1)
  4 jackals
  3 kobolds
  2 quokkas
  A ball python (D:1)
  2 frilled lizards (D:1)
  A rat (D:1)
26 creatures vanquished.

Notes
Turn   | Place    | Note
-------+----------+-------------------------------------------
     0 | D:1      | lonewolfV2 the Demonspawn Fighter began the quest for the
                  | Orb.
     0 | D:1      | Reached XP level 1. HP: 18/18 MP: 1/1
    55 | D:1      | Reached skill level 1 in Dodging
    93 | D:1      | Gained mutation: You are partially covered in molten
                  | scales. (AC +2) [demonic ancestry]
    93 | D:1      | Reached XP level 2. HP: 22/24 MP: 2/2
   701 | D:2      | Gained mutation: You sometimes gain a little power by
                  | taking damage. [demonic ancestry]
   701 | D:2      | Reached XP level 3. HP: 27/29 MP: 3/3
   721 | D:2      | Noticed Terence
   731 | D:2      | Slain by Terence

Illustrated notes

Levels and vault maps discovered:
D:1:      scummos_arrival_hexagon, layout_basic, fountainhead
D:2:      layout_loops_ring, uniq_natasha, uniq_terence

Skill      XL: |  1  2 |
---------------+-------+-----
Dodging        | 1 2 |  2.0
Armour         | 3 |  3.1
Fighting       | |  3.0
Axes           | |  1.7
Shields        | |  2.6

Action                     || total
---------------------------++-------
  Melee: War axe           ||    69
    Use: Scroll            ||     5
 Armour: Scale mail        ||    55
  Dodge: Dodged            ||    28
  Block: Buckler           ||    23
